 Dungeon Crawl Stone Soup version 0.19.1-1-g22dce08 (webtiles) character file.

40 Peloso the Skirmisher (level 3, 0/30 (33) HPs)
             Began as a Ghoul Fighter on Jan 3, 2017.
             Killed by divine providence
             ... invoked by an orc priest
              (17 damage)
             ... on level 3 of the Dungeon.
             The game lasted 00:02:35 (1521 turns).

Peloso the Skirmisher (Ghoul Fighter)               Turns: 1521, Time: 00:02:38

HP:   0/30 (33)     AC: 10    Str: 24    XL:     3   Next: 50%
MP:   2/2           EV:  5    Int:  3    God:
Gold: 104           SH:  9    Dex:  9    Spells: 0 memorised, 2 levels left

rFire  . . .     SeeInvis .     a - +0 long sword
rCold  + . .     Gourm    .     o - +0 chain mail
rNeg   + + +     Faith    .     c - +0 shield
rPois  ∞         Spirit   .     (no helmet)
rElec  .         Reflect  .     (no cloak)
rCorr  .         Harm     .     i - +0 pair of gloves (curse)
MR     .....                    (no boots)
Stlth  ..........               (no amulet)
                                (no ring)
                                (no ring)

@: mighty, rotting
A: rotting body, claws 1, carnivore 3, cold resistance 1, negative energy
resistance 3, slow regeneration 1, torment resistance, unbreathing
a: no special abilities


You were on level 3 of the Dungeon.
You were not hungry.

You visited 1 branch of the dungeon, and saw 3 of its levels.

You collected 104 gold pieces.

Inventory:

Hand Weapons
 a - a +0 long sword (weapon)
 n - a +1 trident of flaming
 r - a +2 whip of flaming
Armour
 b - a +0 scale mail
 c - a +0 shield (worn)
 i - a cursed +0 pair of gloves (worn)
 o - a +0 chain mail (worn)
Scrolls
 e - 3 scrolls of teleportation {unknown}
 h - a scroll of fear {unknown}
 j - 5 scrolls of identify {unknown}
 m - a scroll of random uselessness {unknown}
 p - a scroll of remove curse {unknown}
 q - a scroll of enchant weapon {unknown}
 s - a scroll of enchant armour {unknown}
Potions
 g - 3 potions of curing {unknown}
 k - a potion of cancellation {unknown}
 l - a potion of degeneration {unknown}
 t - a potion of heal wounds {unknown}
Comestibles
 f - a meat ration


   Skills:
 + Level 3.7 Fighting
 + Level 2.0 Long Blades
 + Level 3.0 Armour
 + Level 0.5 Dodging
 + Level 3.1 Shields


You had 2 spell levels left.
You didn't know any spells.

Dungeon Overview and Level Annotations

Branches:
Dungeon (3/15)

Altars:


Innate Abilities, Weirdness & Mutations

Your body is rotting away.
You thrive on raw meat.
You are immune to poison.
You have sharp fingernails.
You are carnivorous and can eat meat at any time.
Your flesh is cold resistant. (rC+)
You are immune to negative energy. (rN+++)
You regenerate slowly when monsters are visible.
You are immune to unholy pain and torment.
You can survive without breathing.


Message History

The orc is heavily wounded.
You block the orc's attack. The orc hits you but does no damage.
You feel very mighty all of a sudden. The orc hits you but does no damage.
You closely miss the orc.
The orc is heavily wounded.
The orc hits you but does no damage.
You barely miss the orc.
The orc is heavily wounded.
The orc priest calls upon Beogh to heal the orc.
The orc's wounds heal themselves!
The orc hits you but does no damage.
You hear a shout!
You closely miss the orc.
You hear a shout!
The orc completely misses you.
You riposte.
You slash the orc!
You kill the orc!
The orc priest calls down the wrath of Beogh upon you.
Beogh smites you!
Ouch! That really hurt!
You die...

#........
#........
#........ o......
########........
.......
................
(.o....
##########........
..o....
#.########........
♣.....
#..........#######
♣....
#@#########.......
♣....##o# #.(.....
♣.....o.# #.......
♣.....### #######'
♣.###.# #######. ♣
#.# ##§.§##. #.#
#§§§.§#. #.#
#§§§.§#. #.#
#§§§§§#.


You could see an orc priest and an orc.

Vanquished Creatures
  An adder (D:2)
  A dart slug (D:1)
  A leopard gecko (D:1)
  An orc (D:3)
  A ball python (D:1)
  3 hobgoblins
  A quokka (D:2)
  4 bats
  3 frilled lizards
  3 goblins
  7 kobolds
  4 rats
30 creatures vanquished.

Notes
Turn   | Place    | Note
-------+----------+-------------------------------------------
     0 | D:1      | Peloso the Ghoul Fighter began the quest for the Orb.
     0 | D:1      | Reached XP level 1. HP: 19/19 MP: 0/0
   208 | D:1      | Reached XP level 2. HP: 22/26 MP: 1/1
   791 | D:2      | Reached XP level 3. HP: 24/31 MP: 2/2
  1521 | D:3      | Killed from afar by an orc priest

Skill      XL: |  1  2  3 |
---------------+----------+-----
Shields        | 3 |  3.1
Long Blades    | 2 |  2.0
Armour         | 3 |  3.0
Fighting       | |  3.7
Dodging        | |  0.5

Action                   || total
-------------------------++-------
Melee: Long sword        ||   135
  Use: Potion            ||     1
  Eat: Chunk             ||     2
Armor: Scale mail        ||    20
       Chain mail        ||    46
Dodge: Dodged            ||    36
Block: Shield            ||    84
       Rpst.: Long sword ||    13
